 Dungeon Crawl Stone Soup version 0.31-a0-152-g6aa68a64a1 (webtiles) character file.

Game seed: 2515359389759345806

400 qw the Shooter (level 6, -1/53 HPs)
             Began as a Minotaur Hunter on June 9, 2023.
             Slain by a scorpion (6 damage)
             ... on level 5 of the Dungeon.
             The game lasted 00:00:55 (3074 turns).

qw the Shooter (Minotaur Hunter)                    Turns: 3074, Time: 00:00:55

Health: -1/53      AC:  5    Str: 15    XL:     6   Next: 54%
Magic:  5/5        EV: 11    Int:  6    God:
Gold:   111        SH:  0    Dex: 16    Spells: 5/5 levels left

rFire   . . .        Y - +0 shortbow
rCold   . . .        (shield currently unavailable)
rNeg    . . .        b - +0 ring mail
rPois   .            (helmet restricted)
rElec   .            (no cloak)
rCorr   .            (no gloves)
SInv    .            (no boots)
Will    +....        (no amulet)
Stlth   +            e - ring of willpower
HPRegen 0.28/turn    (no ring)
MPRegen 0.09/turn

%: no passive effects
@: lethally poisoned (-1 -> -9), about to teleport
A: horns 2, retaliatory headbutt
a: no special abilities


You were on level 5 of the Dungeon.
You visited 1 branch of the dungeon, and saw 5 of its levels.

You collected 153 gold pieces.
You spent 42 gold pieces at shops.


Innate Abilities, Weirdness & Mutations

You have a pair of horns on your head.
You reflexively headbutt those who attack you in melee.


   Skills:
 - Level 4.4 Fighting
 + Level 7.9 Ranged Weapons
 - Level 1.0 Armour
 - Level 2.1 Dodging
 - Level 0.7 Stealth


You had 5 spell levels left.
You didn't know any spells.
Your spell library was empty.

Inventory:

Hand Weapons
 Y - a +0 shortbow (weapon)
Armour
 b - a +0 ring mail (worn)
Jewellery
 e - a ring of willpower (left hand)
Scrolls
 a - a scroll of identify
Potions
 d - a potion of curing
 f - a potion of might
 h - a potion of attraction {unknown}
 j - a potion of lignification {unknown}

Dungeon Overview and Level Annotations

Branches:
Dungeon (5/15)
 Temple: D:4-7

Altars:
Gozag
Kikubaaqudgha
Qazlal

Shops:
D:2 *

Annotations:
D:3 1 runed translucent door, qw's ghost, amateur MiHu


Message History

A shadow imp comes into view.
You shoot an arrow.
The shadow imp shouts, "Give in, thou spongy full-gorged whip-jack!"
The orc priest shouts!
The arrow hits the scorpion!
The scorpion is severely wounded.
The scorpion stings you.
You are poisoned.
The scorpion poisons you!
You shoot an arrow. The arrow hits the scorpion.
The scorpion is severely wounded.
You feel very sick. The scorpion stings you.
You shoot an arrow. The arrow closely misses the scorpion.
You feel very sick. The scorpion closely misses you. You furiously retaliate!
You headbutt the scorpion.
The orc priest hits you but does no damage.
The scorpion stings you.
You are more poisoned.
The scorpion poisons you!
You shoot an arrow.
The arrow hits the scorpion but does no damage.
The scorpion is almost dead.
You feel very sick. The scorpion stings you.
The orc priest calls down the wrath of Beogh upon you.
Beogh smites you! The orc priest barely misses you.
You shoot an arrow.
The arrow hits the scorpion but does no damage.
The scorpion is almost dead.
You feel very sick. The scorpion stings you.
The orc priest hits you with a +0 club.
The orc priest hits you with a +0 hand axe.
3074 ||| READING scroll of teleportation.
As you read the scroll of teleportation, it crumbles to dust.
You feel strangely unstable.
You feel very sick. The scorpion stings you.
You die...

# ######.####
..#####.........#
.........<.......
..###.........#
#.#######.# #.#
#.####># #....@o#
#....so# ##.###o#
# .5. .8.8 ......
#...... #.....)#


You could see a scorpion, 3 orc priests and a shadow imp.

Vanquished Creatures
  A black bear (D:4)
  2 scorpions (D:4)
  2 orc priests (D:4)
  A hound (D:4)
  A sleepcap (D:4)
  2 adders
  A worm (D:3)
  A dart slug (D:4)
  4 orcs
  2 endoplasms
  A giant cockroach (D:2)
  4 goblins
  8 hobgoblins
  2 jackals (D:4)
  4 kobolds
  3 quokkas
  7 ball pythons
  6 bats
  2 frilled lizards
  7 rats
61 creatures vanquished.

Vanquished Creatures (others)
  A human (D:4)
1 creature vanquished.

Grand Total: 62 creatures vanquished

Notes
Turn   | Place    | Note
-------+----------+-------------------------------------------
     0 | D:1      | qw the Minotaur Hunter began the quest for the Orb.
     0 | D:1      | Reached XP level 1. HP: 18/18 MP: 0/0
     0 | D:1      | 0 ||| qw: Version: 0.2-a-122-gbc61b45
     0 | D:1      | 0 ||| qw: Game counter: 3355
     0 | D:1      | 0 ||| qw: Always use a shield: true
     0 | D:1      | 0 ||| qw: God list: Okawaru
     0 | D:1      | 0 ||| qw: Allow faded altars: false
     0 | D:1      | 0 ||| qw: Do Orc after D:15 true
     0 | D:1      | 0 ||| qw: Do second Lair branch before Depths: true
     0 | D:1      | 0 ||| qw: Lair rune preference: random
     0 | D:1      | 0 ||| qw: Plans: Normal
     0 | D:1      | 0 ||| PLANNING D:1-11
   357 | D:1      | Reached XP level 2. HP: 25/25 MP: 1/1
   425 | D:1      | 425 ||| READING scroll labelled MEUSSASHINOR.
   426 | D:1      | 426 ||| READING scroll labelled NINE USKOIHI.
   431 | D:1      | 431 ||| READING scroll labelled ODUELEU UCRAERGHU.
   476 | D:1      | 476 ||| DROPPING scroll of butterflies.
   505 | D:2      | Reached skill level 5 in Ranged Weapons
   680 | D:2      | Reached skill level 3 in Fighting
   743 | D:2      | Reached XP level 3. HP: 31/31 MP: 2/2
   762 | D:2      | Found Ofops's General Store.
   768 | D:2      | 768 ||| BUYING potion of curing (42 gold).
   768 | D:2      | Bought a potion of curing for 42 gold pieces
   768 | D:2      | 768 ||| SHOPLISTING potion of heal wounds (70 gold, have
                  | 5).
   768 | D:2      | 768 ||| SHOPLISTING scroll of enchant armour (105 gold,
                  | have 5).
   768 | D:2      | 768 ||| SHOPLISTING scroll of identify (28 gold, have 5).
  1026 | D:2      | 1026 ||| UPGRADING to +0 ring mail.
  1036 | D:2      | 1036 ||| DROPPING +0 leather armour.
  1037 | D:2      | 1037 ||| READING 3 scrolls labelled OJIAHIVEDI.
  1038 | D:2      | 1038 ||| READING scroll labelled ICAECK PIDGHUOH.
  1039 | D:2      | 1039 ||| READING 2 scrolls of identify.
  1039 | D:2      | 1039 ||| IDENTIFYING bubbling green potion
  1040 | D:2      | 1040 ||| DROPPING potion of enlightenment.
  1133 | D:3      | Reached skill level 1 in Armour
  1611 | D:3      | Found a runed translucent door.
  1612 | D:3      | Noticed qw's ghost (amateur MiHu)
  1790 | D:3      | 1790 ||| UPGRADING to ring of willpower.
  1791 | D:3      | 1791 ||| READING scroll labelled CIPESAESUH.
  1892 | D:3      | 1892 ||| READING scroll labelled JOEMAI VAEM.
  1893 | D:3      | 1893 ||| READING 2 scrolls of identify.
  1893 | D:3      | 1893 ||| IDENTIFYING sedimented cyan potion
  1894 | D:3      | 1894 ||| DROPPING potion of ambrosia.
  1927 | D:4      | Reached XP level 4. HP: 36/38 MP: 3/3
  1934 | D:4      | Noticed a scorpion
  1942 | D:4      | Killed a scorpion
  1943 | D:4      | Reached skill level 6 in Ranged Weapons
  1943 | D:4      | Reached XP level 5. HP: 21/45 MP: 4/4
  2045 | D:4      | Found an ancient bone altar of Kikubaaqudgha.
  2046 | D:4      | Noticed a human
  2049 | D:4      | Killed a human
  2353 | D:4      | Found an opulent altar of Gozag.
  2411 | D:4      | Reached skill level 7 in Ranged Weapons
  2411 | D:4      | Reached XP level 6. HP: 17/53 MP: 5/5
  2965 | D:4      | Found a stormy altar of Qazlal.
  3024 | D:4      | 3024 ||| READING 2 scrolls of identify.
  3024 | D:4      | 3024 ||| IDENTIFYING blue potion
  3056 | D:5      | Entered Level 5 of the Dungeon
  3073 | D:5      | HP: 10/53 [scorpion (4)]
  3074 | D:5      | 3074 ||| READING scroll of teleportation.
  3074 | D:5      | Slain by a scorpion

Levels and vault maps discovered:
D:1:      nzn_arrival_crosshair, layout_rooms, minmay_misc_feat_secret_circle,
          reono_crystal_passage
D:2:      layout_loops_ring, serial_shops, shop
D:3:      wad_river_or_something, layout_basic, ebering_ghost_reflecting_pool
D:4:      layout_basic, tgw_kikubaaqudgha, lemuel_tele_altar,
          kennysheep_little_box
D:5:      layout_loops_ring, eat_drink_and_be_merry_uskayaw,
          nicolae_hepliaklqana_monster_ancestors, xom_confusion_cloud,
          minmay_temple_entry_poolview, corexii_shack, uniq_menkaure

Skill      XL: |  1  2  3  4  5 |
---------------+----------------+-----
Ranged Weapons | 5 6 7 |  7.9
Fighting       | 3 4 |  4.4
Armour         | 1 |  1.0
Dodging        | |  2.1
Stealth        | |  0.7

Action                     |  1- 3 |  4- 6 || total
---------------------------+-------+-------++-------
   Fire: Shortbow          |    97 |    87 ||   184
    Use: Scroll            |     9 |     2 ||    11
 Armour: Leather armour    |     4 |       ||     4
         Ring mail         |     2 |     8 ||    10
  Dodge: Dodged            |    15 |    21 ||    36

Table legend:
 A = Non-vault XP
 B = Vault XP
 C = Vault XP percentage of total XP
 D = Non-vault monster count
 E = Vault monster count
 F = Vault count percentage of total count
                 A         B        C        D         E       F
            +---------+---------+-------+---------+---------+-------
      Total |     555 |      17 |   3.0 |      52 |       9 |  14.8
            +---------+---------+-------+---------+---------+-------
        D:1 |      14 |       0 |   0.0 |       8 |       0 |   0.0
        D:2 |      33 |       0 |   0.0 |      16 |       0 |   0.0
        D:3 |      13 |      17 |  56.7 |       8 |       9 |  52.9
        D:4 |     495 |       0 |   0.0 |      20 |       0 |   0.0
            +---------+---------+-------+---------+---------+-------
